 Dungeon Crawl Stone Soup version 0.26-a0-812-g31a745ddcd (webtiles) character file.

Game seed: 3836831979093768760

7119 Apogee the Nimble (level 11, -6/68 HPs)
             Began as a Kobold Hunter on Dec 2, 2020.
             Was a High Priest of Okawaru.
             Mangled by a tengu warrior
             ... wielding a +0 great sword
              (8 damage)
             ... on level 10 of the Dungeon.
             The game lasted 00:29:51 (16776 turns).

Apogee the Nimble (Kobold Hunter)                  Turns: 16776, Time: 00:29:52

Health: -6/68      AC: 10    Str: 10    XL:     11   Next: 31%
Magic:  22/22      EV: 25    Int: 15    God:    Okawaru [*****.]
Gold:   346        SH:  0    Dex: 23    Spells: 10/10 levels left

rFire    . . .     SeeInvis .   a - +1 hand crossbow
rCold    + . .     Faith    .   (shield restricted)
rNeg     . . .     Spirit   .   S - +2 leather armour of Courage {rC+ MR+ Int+3 Dex+4}
rPois    .         Reflect  .   m - +1 helmet
rElec    .         Harm     .   o - +0 cloak
rCorr    +         Rampage  .   r - +0 pair of gloves
MR       +....                  E - +0 pair of boots
Stlth    +++++.....             (no amulet)
HPRegen  0.21/turn              U - ring of magical power
MPRegen  0.18/turn              e - ring of resist corrosion

@: no status effects
A: small, nightstalker 3
a: Heroism, Finesse, Renounce Religion


You were on level 10 of the Dungeon.
You worshipped Okawaru.
Okawaru was extremely pleased with you.
You visited 1 branch of the dungeon, and saw 10 of its levels.

You collected 514 gold pieces.
You spent 168 gold pieces at shops.

Inventory:

Hand Weapons
 a - a +1 hand crossbow (weapon)
 b - a +2 dagger of freezing
   (You took it off an orc wizard on level 5 of the Dungeon)
 i - a +1 dagger of holy wrath
   (You took it off an orc wizard on level 5 of the Dungeon)
Missiles
 d - 72 bolts (quivered)
 f - 198 stones
 n - 2 throwing nets {!f}
Armour
 m - a +1 helmet (worn)
   (You took it off Robin on level 4 of the Dungeon)
 o - a +0 cloak (worn)
   (You found it on level 5 of the Dungeon)
 r - a +0 pair of gloves (worn)
   (You found it on level 10 of the Dungeon)
 E - a +0 pair of boots (worn)
   (You found it on level 7 of the Dungeon)
 S - the +2 leather armour of Courage (worn) {rC+ MR+ Int+3 Dex+4}
   (You bought it in a shop on level 9 of the Dungeon)

   It affects your intelligence (+3).
   It affects your dexterity (+4).
   It protects you from cold.
   It affects your resistance to hostile enchantments.
 T - the +1 robe of Failure {rC+, unknown}
   (You found it on level 10 of the Dungeon)

   It protects you from cold.
Jewellery
 e - a ring of resist corrosion (right hand)
   (You found it on level 1 of the Dungeon)
 J - a +6 ring of dexterity {unknown}
   (You found it on level 8 of the Dungeon)
 M - an uncursed ring of ice {unknown}
   (You found it on level 10 of the Dungeon)
 N - an uncursed amulet of magic regeneration {unknown}
   (You found it on level 10 of the Dungeon)
 O - an uncursed ring of positive energy {unknown}
   (You found it on level 10 of the Dungeon)
 R - an uncursed ring of positive energy {unknown}
   (You found it on level 10 of the Dungeon)
 U - a ring of magical power (left hand)
   (You found it on level 3 of the Dungeon)
Wands
 v - a wand of digging (4)
   (You found it on level 10 of the Dungeon)
 x - a wand of acid (5)
   (You found it on level 10 of the Dungeon)
 H - a wand of polymorph (6)
   (You found it on level 7 of the Dungeon)
 P - a wand of enslavement (5)
   (You found it on level 9 of the Dungeon)
Scrolls
 h - 2 scrolls of enchant armour {unknown}
 l - 8 scrolls of remove curse {@r2}
 p - a scroll of blinking {unknown}
 s - 2 scrolls of immolation {unknown}
 y - 2 scrolls of enchant weapon {unknown}
 B - a scroll of noise {unknown}
 D - 5 scrolls of identify {@r1}
 F - 2 scrolls of brand weapon {unknown}
 G - a scroll of random uselessness {unknown}
 I - 2 scrolls of fog {unknown}
 K - a scroll of magic mapping {unknown}
 L - 4 scrolls of teleportation {@r4}
 Q - a scroll of torment {unknown}
Potions
 c - a potion of cancellation {unknown}
 g - 3 potions of might {unknown}
 j - 4 potions of flight {unknown}
 k - 3 potions of curing {unknown}
 q - a potion of invisibility {unknown}
 t - 2 potions of lignification {unknown}
 u - 3 potions of berserk rage {unknown}
 w - 3 potions of mutation {!q}
 z - 2 potions of degeneration {unknown}
 A - a potion of brilliance {unknown}
 C - a potion of attraction {unknown}


   Skills:
 - Level 8.0 Fighting
 + Level 7.8 Short Blades
 - Level 10.0 Crossbows
 + Level 2.5 Armour
 + Level 11.3 Dodging
 - Level 8.0 Stealth
 + Level 3.4 Invocations


You had 10 spell levels left.
You didn't know any spells.
Your spell library contained the following spells:

 Spells                   Type           Power        Failure   Level
 Animate Skeleton         Necr           #.....       34%         1
 Apportation              Tloc           #.....       34%         1
 Corona                   Hex            #......      34%         1
 Magic Dart               Conj           #...         34%         1
 Summon Small Mammal      Summ           #...         34%         1
 Passwall                 Tmut/Erth      #.......     47%         2
 Swiftness                Air            #.......     47%         2
 Passage of Golubria      Tloc           N/A          98%         4
 Lee's Rapid Deconstruct  Erth           #.........   100%        5
 Invisibility             Hex            #.......     100%        6


Dungeon Overview and Level Annotations

Branches:
Dungeon (10/15)            Temple (0/1) D:6
   Lair: D:8-11         Orc: D:9-12

Altars:
Dithmenos
Fedhas
Gozag
Kikubaaqudgha
Nemelex Xobeh
Okawaru
Qazlal
Sif Muna
Trog
Vehumet
Wu Jian
The Shining One

Shops:
D:9 [

Annotations:
D:3 2 runed translucent doors, Crazy Yiuf; Lanoc's ghost, weakling SpAE
D:4 exclusions: orc priest and 2 more exclusions, Sigmund
D:10 exclusion: wizard


Innate Abilities, Weirdness & Mutations

You are small and have problems with some larger weapons.
You are completely attuned to the shadows.


Message History

The tengu warrior shoots an arrow.
The arrow hits you!
You shoot a bolt.
The bolt barely misses the tengu warrior.
You shoot a bolt.
The bolt barely misses the tengu warrior.
The tengu warrior shoots an arrow.
The arrow completely misses you.
You shoot a bolt.
The bolt closely misses the tengu warrior.
The tengu warrior shoots an arrow.
The arrow misses you.
You shoot a bolt.
The bolt barely misses the tengu warrior.
You shoot a bolt.
The bolt hits the tengu warrior but does no damage.
The tengu warrior shoots an arrow.
The arrow hits you!!
* * * LOW HITPOINT WARNING * * *
You are too injured to fight recklessly!
You are too injured to fight recklessly!
Okay, then.
Aim: a tengu warrior, wielding a +0 longbow, wearing a +0 leather armour and quivering 9 arrows (heavily wounded)
The bolt of acid hits the tengu warrior!
The tengu warrior is splashed with acid!
The acid corrodes the tengu warrior!
The tengu warrior shoots an arrow.
The arrow hits you!
* * * LOW HITPOINT WARNING * * *
Aim: a tengu warrior, wielding a +0 longbow, wearing a +0 leather armour and quivering 8 arrows (severely wounded, covered in acid)
The bolt of acid misses the tengu warrior.
Aim: a tengu warrior, wielding a +0 longbow, wearing a +0 leather armour and quivering 8 arrows (severely wounded, covered in acid)
The bolt of acid hits the tengu warrior!
The tengu warrior is splashed with acid.
The tengu warrior seems to be corroded for longer.
The tengu warrior shoots an arrow.
The arrow barely misses you.
The tengu warrior unwields a +0 longbow.
The tengu warrior wields a +0 great sword.
The tengu warrior hits you with a +0 great sword.
* * * LOW HITPOINT WARNING * * *
The tengu warrior pecks you.
* * * LOW HITPOINT WARNING * * *
The tengu warrior misses you.
You see here 2 bolts.
Okay, then.
Firing (i - inventory. (/) - cycle)
d - 74 bolts (quivered)
Aim: a tengu warrior, wielding a +0 great sword, wearing a +0 leather armour and quivering 7 arrows (almost dead, covered in acid)
You shoot a bolt.
The bolt closely misses the tengu warrior.
Firing (i - inventory. (/) - cycle)
d - 73 bolts (quivered)
Aim: a tengu warrior, wielding a +0 great sword, wearing a +0 leather armour and quivering 7 arrows (almost dead, covered in acid)
You shoot a bolt.
The bolt closely misses the tengu warrior.
The tengu warrior hits you with a +0 great sword!
You die...

###..........##..###.
............##..##}#
...........##..##|.
............##..##..
#........##..##..#'#.
#.....###.##.(##...##
#.....'....##.(##..|#
#.....#.....##.(##:##
#.....#......##.@###.
......#.......##.Q#..
......#........##.((#
......+.......#.##(##
......#.......##.###.
......###......#..#
........#......# ..
........#......#
........#......#


You could see a tengu warrior (corroded).

Vanquished Creatures
  2 two-headed ogres
  A wizard (D:10)
  Pikel (D:6)
  A manticore (D:10)
  2 ugly things (D:10)
  A centaur skeleton (D:10)
  A wyvern (D:10)
  An orc warrior (D:8)
  A sky beast (D:9)
  An eye of draining (D:6)
  An ice beast (D:10)
  A black bear (D:6)
  4 phantoms
  A necrophage (D:7)
  3 ogres
  4 centaurs
  3 lemures
  2 big kobolds
  Blork the orc (D:5)
  4 bullfrogs
  A wyvern skeleton (D:6)
  A scorpion (D:6)
  A water moccasin skeleton (D:6)
  3 hounds
  4 jellies
  11 orc wizards
  4 orc priests
  4 iguanas
  Jessica (D:3)
  Terence (D:3)
  4 worker ants
  2 killer bee zombies
  A hound zombie (D:6)
  A hound skeleton (D:4)
  Robin (D:4)
  7 gnolls
  A howler monkey skeleton (D:5)
  A river rat (D:3)
  6 adders
  2 white imps
  3 ufetubi
  An ooze (D:6)
  2 adder zombies
  An adder skeleton (D:6)
  4 worms
  4 dart slugs
  3 leopard geckos
  25 orcs
  4 ball pythons
  4 bats
  5 giant cockroaches
  15 goblins
  14 hobgoblins
  10 jackals
  19 kobolds
  8 quokkas
  4 frilled lizards
  A quokka skeleton (D:5)
  11 rats
231 creatures vanquished.

Vanquished Creatures (others)
  A fungus (D:3)
1 creature vanquished.

Grand Total: 232 creatures vanquished

Notes
Turn   | Place    | Note
-------+----------+-------------------------------------------
     0 | D:1      | Apogee the Kobold Hunter began the quest for the Orb.
     0 | D:1      | Reached XP level 1. HP: 12/12 MP: 1/1
   101 | D:1      | Reached skill level 5 in Crossbows
   189 | D:1      | Reached XP level 2. HP: 15/18 MP: 2/2
   493 | D:1      | Reached XP level 3. HP: 22/22 MP: 3/3
   779 | D:2      | Found an ancient bone altar of Kikubaaqudgha.
   781 | D:2      | Found a radiant altar of Vehumet.
   781 | D:2      | Found a shimmering blue altar of Sif Muna.
   784 | D:2      | Identified Vehumet's Collected Works on Blows and Bruises
   831 | D:2      | Reached XP level 4. HP: 7/27 MP: 4/4
  1185 | D:2      | Found a faded altar of an unknown god.
  1854 | D:3      | Noticed a phantom
  1979 | D:3      | Found a stormy altar of Qazlal.
  2023 | D:3      | Reached XP level 5. HP: 18/32 MP: 5/5
  2627 | D:3      | Found a runed translucent door.
  2630 | D:3      | Noticed Crazy Yiuf
  2680 | D:3      | Reached skill level 3 in Dodging
  2681 | D:3      | Noticed Jessica
  2681 | D:3      | Noticed Terence
  2708 | D:3      | Killed Jessica
  3057 | D:3      | Found a bloodstained altar of Trog.
  3059 | D:3      | Found an iron altar of Okawaru.
  3062 | D:3      | Found a glowing golden altar of the Shining One.
  3063 | D:3      | Found an ornate altar of the Wu Jian Council.
  3073 | D:3      | Became a worshipper of Warmaster Okawaru
  3233 | D:3      | Killed a phantom
  3233 | D:3      | Reached XP level 6. HP: 10/38 MP: 6/6
  3503 | D:3      | Found a runed translucent door.
  3574 | D:3      | Killed Terence
  3574 | D:3      | Reached skill level 4 in Dodging
  3607 | D:3      | Found a runed translucent door.
  3687 | D:3      | Reached * piety under Okawaru
  3917 | D:3      | Noticed Lanoc's ghost (weakling SpAE)
  4362 | D:4      | Reached XP level 7. HP: 43/43 MP: 7/7
  4831 | D:4      | Noticed Sigmund
  4936 | D:4      | Reached skill level 5 in Dodging
  5247 | D:4      | Noticed Robin
  5251 | D:4      | Killed Robin
  5840 | D:5      | Entered Level 5 of the Dungeon
  6094 | D:5      | Reached skill level 6 in Dodging
  6268 | D:5      | Reached XP level 8. HP: 48/48 MP: 8/8
  7602 | D:5      | Reached skill level 7 in Dodging
  8097 | D:5      | Noticed Blork the orc
  8110 | D:5      | Killed Blork the orc
  8618 | D:6      | Noticed Pikel
  9353 | D:5      | Reached ** piety under Okawaru
 10035 | D:6      | Reached skill level 8 in Dodging
 10112 | D:6      | Reached XP level 9. HP: 36/52 MP: 9/9
 10353 | D:6      | Reached skill level 10 in Crossbows
 10638 | D:6      | Killed Pikel
 10638 | D:6      | Reached skill level 9 in Dodging
 10638 | D:6      | Reached skill level 5 in Stealth
 10648 | D:6      | Reached *** piety under Okawaru
 11200 | D:6      | Reached skill level 5 in Fighting
 11289 | D:6      | Found a staircase to the Ecumenical Temple.
 11879 | D:7      | Found a blossoming altar of Fedhas.
 12200 | D:8      | Reached XP level 10. HP: 59/59 MP: 10/10
 12767 | D:8      | Received a gift from Okawaru
 12781 | D:8      | Reached skill level 10 in Dodging
 12892 | D:8      | Found a shadowy altar of Dithmenos.
 12956 | D:8      | Found an opulent altar of Gozag.
 12956 | D:8      | Found a sparkling altar of Nemelex Xobeh.
 13432 | D:8      | Reached skill level 5 in Short Blades
 13505 | D:8      | You fall into a shaft and drop 2 floors!
 13505 | D:10     | Entered Level 10 of the Dungeon
 13686 | D:10     | Received a gift from Okawaru
 14106 | D:9      | Noticed a two-headed ogre
 14412 | D:9      | Got a steaming war axe
 14801 | D:9      | Killed a two-headed ogre
 14801 | D:9      | Reached **** piety under Okawaru
 14801 | D:9      | Received a gift from Okawaru
 14925 | D:9      | Found Seisehos's Antique Armour Shoppe.
 14940 | D:9      | Bought a bloodstained leather armour for 168 gold pieces
 14950 | D:9      | Identified the +2 leather armour of Courage {rC+ MR+ Int+3
                  | Dex+4} (You bought it in a shop on level 9 of the Dungeon)
 15076 | D:10     | Noticed an efreet
 15089 | D:10     | Noticed a manticore
 15258 | D:10     | Noticed a two-headed ogre
 15273 | D:10     | Killed a two-headed ogre
 15273 | D:10     | Reached skill level 1 in Armour
 15273 | D:10     | Reached skill level 1 in Invocations
 15748 | D:10     | Reached XP level 11. HP: 31/67 MP: 12/12
 16017 | D:10     | Noticed a white ugly thing
 16035 | D:10     | Killed a white ugly thing
 16035 | D:10     | Reached ***** piety under Okawaru
 16035 | D:10     | Reached skill level 11 in Dodging
 16200 | D:10     | Noticed a wizard
 16218 | D:10     | Killed a wizard
 16235 | D:10     | Got a faintly humming robe
 16289 | D:10     | Noticed a green ugly thing
 16291 | D:10     | Noticed a red ugly thing
 16309 | D:10     | Noticed a purple ugly thing
 16310 | D:10     | Noticed a brown ugly thing
 16333 | D:10     | Killed a green ugly thing
 16336 | D:10     | Noticed a purple ugly thing
 16697 | D:10     | Noticed a white very ugly thing
 16697 | D:10     | Noticed a wizard
 16756 | D:10     | Noticed a tengu warrior
 16757 | D:10     | Killed a manticore
 16774 | D:10     | HP: 3/68 [tengu warrior/+0 great sword (6)]
 16776 | D:10     | Mangled by a tengu warrior

Illustrated notes

Levels and vault maps discovered:
D:1:      saegor_arrival_simple_e, layout_rooms
D:2:      layout_rooms, grunt_temple_overflow_magic_moments,
          chequers_ecumenical_altar_island, minmay_statues_item, minmay_unequal
D:3:      layout_basic, minitemple, ebering_ghost_sewer_f,
          grunt_qazlal_sundering, uniq_crazy_yiuf_cottage, uniq_jessica,
          uniq_terence
D:4:      layout_basic, nicolae_zen_rock_garden, uniq_sigmund, uniq_robin
D:5:      layout_basic, uniq_blork_the_orc
D:6:      layout_rooms, minmay_temple_entry_purple_smoke, uniq_pikel
D:7:      layout_rooms, fedhas_ov_isle_minmay, chequers_serial_rivers_large_b
D:8:      layout_basic, nicolae_dithmenos_the_darkroom,
          grunt_temple_overflow_opulence, nicolae_straight_to_the_point
D:9:      layout_rooms, serial_shops, nicolae_shop_trees
D:10:     cheibrodos_breeding_chamber, layout_irregular_city,
          minmay_diamond_spiral

Skill      XL: |  1  2  3  4  5  6  7  8  9 10 11 |
---------------+----------------------------------+-----
Crossbows      | 5 6 8 9 10 | 10.0
Stealth        | 2 3 4 6 8 |  8.0
Fighting       | 3 4 5 7 8 |  8.0
Dodging        | 3 4 6 8 9 10 11 | 11.3
Short Blades   | 4 6 7 |  7.8
Armour         | 1 2 |  2.5
Invocations    | 1 3 |  3.4

Action                   |  1- 3 |  4- 6 |  7- 9 | 10-12 || total
-------------------------+-------+-------+-------+-------++-------
Melee: Short sword       |    66 |   171 |   249 |       ||   486
       Dagger            |       |       |   528 |   349 ||   877
 Fire: Hand crossbow     |    10 |    52 |    88 |   150 ||   300
Throw: Stone             |       |    10 |    12 |       ||    22
       Throwing net      |       |       |     1 |       ||     1
Evoke: Wand              |       |       |       |     3 ||     3
  Use: Scroll            |       |       |     7 |       ||     7
       Potion            |       |       |     4 |       ||     4
 Stab: Sleeping          |     8 |    15 |    13 |    12 ||    48
       Distracted        |       |     1 |     2 |       ||     3
Armor: Leather armour    |    12 |     5 |       |     7 ||    24
       Ring mail         |       |    49 |   168 |    51 ||   268
Dodge: Dodged            |    45 |   119 |   589 |   376 ||  1129

Table legend: (Time is in decaauts)
 A = Elapsed time spent in this place.
 B = Non-inter-level travel time spent in this place.
 C = Inter-level travel time spent in this place.
 D = Time resting spent in this place.
 E = Time spent auto-exploring this place.
 F = Levels seen in this place.
 G = Mean time per level.
                   A        B        C        D        E       F      G
               +--------+--------+--------+--------+--------+-----+--------+
         Total |  16766 |  15967 |    799 |   4385 |   8068 |  10 | 1676.6 |
       Dungeon |  16766 |  15967 |    799 |   4385 |   8068 |  10 | 1676.6 |
               +--------+--------+--------+--------+--------+-----+--------+

Top non-repeatable levels by time:
     D:5: 3642 daAuts
     D:3: 2145 daAuts
    D:10: 1929 daAuts
     D:4: 1868 daAuts
     D:2: 1673 daAuts
     D:8: 1593 daAuts
     D:6: 1476 daAuts
     D:9: 1053 daAuts
     D:7: 706 daAuts
     D:1: 677 daAuts
